 Dungeon Crawl Stone Soup version 0.27-a0-1565-gad902ab807 (webtiles) character file.

Game seed: 9212186634735879613

5875 Sobieck the Geomancer (level 11, -4/81 HPs)
             Began as a Formicid Earth Elementalist on July 16, 2021.
             Was a Follower of Wu Jian.
             Killed from afar by a steam dragon (13 damage)
             ... with a ball of steam
             ... on level 9 of the Dungeon.
             The game lasted 00:34:29 (14808 turns).

Sobieck the Geomancer (FoEE)                       Turns: 14808, Time: 00:34:30

Health: -4/81      AC:  8    Str: 13    XL:     11   Next: 8%
Magic:  18/18      EV: 16    Int: 18    God:    Wu Jian [*.....]
Gold:   559        SH:  0    Dex: 11    Spells: 10/20 levels left

rFire    . . .     SeeInvis +   b - +0 dagger (elec) {short}
rCold    . . .     Faith    .   (no shield)
rNeg     . . .     Spirit   .   s - +2 robe {Archmagi}
rPois    .         Reflect  .   (helmet unavailable)
rElec    .         Harm     .   (no cloak)
rCorr    .         Rampage  .   (no gloves)
Will     +....     Archmagi +   (no boots)
Stlth    ++++......             j - amulet of magic regeneration {@e2}
HPRegen  0.23/turn              g - +4 ring of evasion
MPRegen  0.41/turn              y - +4 ring of protection

@: studying Crossbows
A: permanent stasis, dig shafts and tunnels, antennae 3, four strong arms
a: Dig, Shaft Self, Renounce Religion


You were on level 9 of the Dungeon.
You worshipped Wu Jian.
Wu Jian was aware of your devotion.
You visited 2 branches of the dungeon, and saw 11 of its levels.

You collected 559 gold pieces.


Innate Abilities, Weirdness & Mutations

You cannot be hasted, slowed, berserked, paralysed or teleported.
You can dig through walls and to a lower floor.
You have a pair of large antennae on your head. (SInv)
Your four strong arms can wield two-handed weapons with a shield.


   Skills:
 + Level 6.0 Fighting
 + Level 6.0 Short Blades
 - Level 1.7 Dodging
 + Level 10.0 Stealth
 + Level 5.0 Spellcasting
 + Level 4.0 Transmutations
 - Level 12.0 Earth Magic


You had 10 spell levels left.
You knew the following spells:

 Your Spells              Type           Power      Damage    Failure   Level
a - Sandblast             Erth           100%       2d20      1%          1
b - Passwall              Tmut/Erth      40%        N/A       1%          2
c - Stone Arrow           Conj/Erth      78%        3d11      3%          3
d - Petrify               Tmut/Erth      49%        N/A       4%          4

Your spell library contained the following spells:

 Spells                   Type           Power      Damage    Failure   Level
 Beastly Appendage        Tmut           56%        N/A       2%          1
 Animate Skeleton         Necr           12%        N/A       13%         1
 Apportation              Tloc           12%        N/A       13%         1
 Corona                   Hex            6%         N/A       13%         1
 Summon Small Mammal      Summ           24%        N/A       13%         1
 Slow                     Hex            6%         N/A       21%         2
 Static Discharge         Conj/Air       6%         N/A       21%         2
 Confusing Touch          Hex            6%         N/A       36%         3
 Airstrike                Air            3%         N/A       78%         4
 Dispel Undead            Necr           6%         3d8       78%         4
 Passage of Golubria      Tloc           N/A        N/A       78%         4
 Sticky Flame             Conj/Fire      6%         2d3       78%         4
 Summon Lightning Spire   Summ/Air       6%         N/A       78%         4
 Yara's Violent Unravell  Hex/Tmut       8%         3d5       85%         5
 Lightning Bolt           Conj/Air       3%         1d14      98%         5
 Silence                  Hex/Air        3%         N/A       98%         5
 Lehudib's Crystal Spear  Conj/Erth      19%        10d6      100%        8

Inventory:

Hand Weapons
 a - a +2 dagger of speed {short}
   (You took it off an orc wizard on level 7 of the Dungeon)
 b - a +0 dagger of electrocution (weapon) {short}
   (You took it off a goblin on level 1 of the Dungeon)
 n - a +0 falchion {long}
   (You took it off an orc on level 6 of the Dungeon)
 r - a +3 scythe {polearm}
   (You took it off Sigmund on level 5 of the Dungeon)
 u - a +2 vampiric spear {polearm}
   (You took it off a gnoll on level 4 of the Dungeon)
 D - the +9 staff of Olgreb {rPois∞, staff}
   (You found it on level 7 of the Dungeon)

   If the wielder is skilled in Evocations, they can envenom those struck by it,
   dealing poison damage which bypasses armour.
   It enhances your poison magic.
   It grants immunity to poison.
   It can be evoked to radiate toxic energy, with effectiveness depending on
   Evocations skill.
 G - the +8 whip "Snakebite" {venom, curare, rPois, =fmace}
   (You found it on level 9 of the Dungeon)

   It poisons the flesh of those it strikes.
   It occasionally inflicts asphyxiating poison on those it strikes, dealing
   poison damage and causing slowness.
   rPois:     It protects you from poison.
Missiles
 c - 86 stones {throwing}
 f - 19 poisoned darts {throwing}
 i - 49 bolts
 o - 3 curare-tipped darts {=fthrowing}
 q - 54 arrows
 v - 86 sling bullets
 B - 4 boomerangs {throwing}
Armour
 s - a +2 robe of the Archmagi (worn)
   (You took it off Sigmund on level 5 of the Dungeon)
Magical Staves
 w - a staff of poison {!astaff}
   (You found it on level 8 of the Dungeon)
 K - a staff of air {!astaff}
   (You found it on level 9 of the Dungeon)
Jewellery
 g - a +4 ring of evasion (left hand)
   (You found it on level 3 of the Dungeon)
 j - an amulet of magic regeneration (around neck) {@e2}
   (You found it on level 1 of the Dungeon)
 y - a +4 ring of protection (right hand)
   (You found it on level 7 of the Dungeon)
 C - an amulet of the acrobat
   (You found it on level 9 of the Dungeon)
 J - the ring of the Commoners {rPois rF- rC- rCorr SInv}
   (You found it on level 9 of the Dungeon)

   [ring of see invisible]

   rF:        It makes you vulnerable to fire.
   rC:        It makes you vulnerable to cold.
   rPois:     It protects you from poison.
   SInv:      It lets you see invisible.
   rCorr:     It protects you from acid and corrosion.
 L - a +4 ring of protection
   (You found it on level 9 of the Dungeon)
Wands
 e - a wand of mindburst (8)
   (You took it off Ijyb on level 5 of the Dungeon)
 x - a wand of iceblast (10)
   (You found it on level 7 of the Dungeon)
 A - a wand of digging (3)
   (You took it off an orc wizard on level 7 of the Dungeon)
 F - a wand of flame (14)
   (You found it on level 8 of the Dungeon)
Scrolls
 E - 2 scrolls of fog
 H - 2 scrolls of enchant armour
 I - a scroll of enchant weapon {unknown}
Potions
 d - 2 potions of berserk rage {!q}
 h - a potion of haste {@q3}
 k - 2 potions of degeneration {unknown}
 l - a potion of brilliance
 m - a potion of heal wounds {@q2}
 p - 4 potions of curing {@q1}
 t - a potion of mutation {unknown}
 z - a potion of cancellation {unknown}

Dungeon Overview and Level Annotations

Branches:
Dungeon (10/15)            Temple (1/1) D:6
   Lair: D:8-11         Orc: D:9-12

Altars:
Ashenzari
Fedhas
Makhleb
Nemelex Xobeh
Trog
Wu Jian
Xom

Shops:
D:1 !

Annotations:
D:4 Pikel
D:7 2 transporters, ezpacito's ghost, novice DsAK
D:8 exclusion: downstairs
D:9 3 runed translucent doors, DemonSlayer's ghost, novice HuBe

#.......#.... #..
...#.......#....
#..##.. #.......#....
#...... #.......'....
#..... #.......#....
#..... ##..#####....
#....##+#..###.......
#....#..K#.# #.....##
###...@#.{##.#
#.......
#......§T.##.#
#.##..#.
###.....§.##.#
#.##..#.
#....#..##.###.##..#.
#.#..#..D#§#.........
#.##.#..#....##..#..#
# #.#..#...##..## .
#.#..#§.###..#
..####..# #.##


You could see a deep troll earth mage.


Message History

😎 HP[+11]
Your hp is fully restored (81).
Unknown command.
E - 2 scrolls of fog (gained 1)
You see here a +0 rapier {short}.
H - 2 scrolls of enchant armour (gained 1)
There is an open door here.
There is an open door here.
There is an open door here.
You open the door.
Found a stone staircase leading down.
Things that are here:
a +0 robe; a +0 dagger {short} You now have 559 gold pieces (gained 10).
You open the door.
There is an open door here.
There is an open door here.
There is an open door here.
I - a scroll labelled XALABE VYGA You sense a monster nearby.
A centaur zombie comes into view.
No target in view!
No target in view!
A centaur zombie is nearby!
You set off the alarm!
A sentinel's mark forms upon you.
You hear an angry hiss.
You hear a shout!
You hit the centaur zombie.
The centaur zombie barely misses you. x2
You hit the centaur zombie.
Lightning courses through the centaur zombie!
The centaur zombie completely misses you.
The centaur zombie barely misses you.
You hit the centaur zombie.
Lightning courses through the centaur zombie!
The centaur zombie misses you.
The centaur zombie kicks you but does no damage.
You hit the centaur zombie but do no damage.
The centaur zombie completely misses you.
The centaur zombie kicks you but does no damage.
You hit the centaur zombie.
You hear a grinding noise.
The centaur zombie hits you but does no damage.
The centaur zombie kicks you but does no damage.
You hit the centaur zombie but do no damage.
You hit the centaur zombie.
The centaur zombie completely misses you.
The centaur zombie kicks you but does no damage.
You hear a grinding noise.
You hit the centaur zombie but do no damage.
The centaur zombie hits you but does no damage.
The centaur zombie barely misses you.
You hit the centaur zombie.
You destroy the centaur zombie!
The Council accepts your kill.
Training target 10.0 for Stealth reached!
Your Stealth skill increases to level 10!
You need to enable at least one skill for training.
You open the door.
Found three altars.
Unknown command.
A steam dragon comes into view.
You hear a grinding noise.
The steam dragon breathes steam at you. The ball of steam hits you!! 😕 HP[-20]
You take 20 damage, and now have 61/81 hp.
MASSIVE DAMAGE!! (PAUSE)
You hear a grinding noise.
You hear a grinding noise. 😕 HP[+1] 😕 HP[+1]
The sentinel's mark upon you fades away.
You hear a grinding noise.
The steam dragon breathes steam at you. The ball of steam misses you.
You hear a grinding noise.
You extend your mandibles.
You dig through the rock wall. 😕 HP[+1]
You retract your mandibles.
A deep troll earth mage comes into view.
You spin and attack the deep troll earth mage repeatedly.
You hit the deep troll earth mage but do no damage. x2
Lightning courses through the deep troll earth mage!
Unknown command.
Some rock shatters into small pieces. 😕 HP[+1]
The deep troll earth mage gestures at you while chanting.
The wall shatters!
The blast of rock fragments hits you!!!
* * * LOW HITPOINT WARNING * * *
😨 HP[-36]
You take 36 damage, and now have 29/81 hp.
MASSIVE DAMAGE!! (PAUSE) Are you sure you want to shaft yourself?
The deep troll earth mage points at you and mumbles some strange words.
The wall shatters!
The blast of rock fragments hits you!!
* * * LOW HITPOINT WARNING * * *
The steam dragon breathes steam at you. The ball of steam hits you!
You die...

Skill      XL: |  1  2  3  4  5  6  7  8  9 10 11 |
---------------+----------------------------------+-----
Stealth        | 3 4 5 6 7 9 10 | 10.0
Earth Magic    | 4 5 6 7 8 10 12 | 12.0
Short Blades   | 1 3 4 6 |  6.0
Transmutations | 2 4 |  4.0
Fighting       | 2 6 |  6.0
Spellcasting   | 3 5 |  5.0
Dodging        | |  1.7

Action                   |  1- 3 |  4- 6 |  7- 9 | 10-12 || total
-------------------------+-------+-------+-------+-------++-------
Melee: Dagger            |    68 |   166 |   185 |   176 ||   595
       Unarmed           |     2 |       |       |       ||     2
 Cast: Sandblast         |    30 |    44 |    16 |     5 ||    95
       Passwall          |     3 |     3 |    19 |    10 ||    35
       Petrify           |       |       |    21 |    27 ||    48
       Stone Arrow       |       |       |       |     1 ||     1
Invok: Lunge             |       |       |    10 |    17 ||    27
       Whirlwind         |       |       |       |     2 ||     2
 Abil: Dig               |     1 |     3 |    10 |     4 ||    18
       Shaft Self        |       |       |       |     1 ||     1
  Use: Scroll            |       |     2 |     9 |     2 ||    13
       Potion            |       |     5 |       |       ||     5
 Stab: Sleeping          |     6 |    17 |    17 |     9 ||    49
       Petrified         |       |       |    18 |    10 ||    28
       Petrifying        |       |       |     9 |    12 ||    21
       Distracted        |       |       |     1 |       ||     1
Armor: Robe              |     9 |    34 |    22 |    22 ||    87
Dodge: Dodged            |    59 |   129 |   105 |   112 ||   405

Levels and vault maps discovered:
D:1:      lightli_arrival_boilingwater, layout_loops_corners, serial_shops,
          shop_fountains
D:2:      layout_loops_ring, minmay_fountain_box
D:3:      kb_forest_paths, layout_loops_corners,
          shapermc_ecumenical_altar_rom_forum, minmay_rat_hole
D:4:      layout_loops_corners, lemuel_doored_altar, uniq_pikel
D:5:      layout_basic, kennysheep_potato, uniq_ijyb, uniq_sigmund
D:6:      layout_loops_corners, fedhas_altar_1,
          minmay_temple_entry_enclosed_plants, minmay_misc_feat_roman
D:7:      layout_layer_cave, gammafunk_ghost_hive
D:8:      layout_basic, kennysheep_pointless_box, uniq_erica
D:9:      minmay_the_grid_four_pointed_star
          [minmay_the_grid_triangle_9x9_sparse_checkered,
          minmay_the_grid_triangle_9x9_semitri,
          minmay_the_grid_triangle_9x9_descending_squares,
          minmay_the_grid_triangle_9x9_longest,
          minmay_the_grid_prize_diamond_cup], layout_stronghold,
          gammafunk_temple_overflow_claw, gammafunk_ghost_hydra_chop
D:10:     layout_roguey, nicolae_tso_swordbearing_angel, lair_entry_dummy,
          serial_shops, shop, uniq_harold, uniq_psyche, uniq_maggie,
          uniq_josephine
Temple:   nicolae_temple_elliptical

Notes
Turn   | Place    | Note
-------+----------+-------------------------------------------
     0 | D:1      | Sobieck the Formicid Earth Elementalist began the quest for
                  | the Orb.
     0 | D:1      | Reached XP level 1. HP: 13/13 MP: 3/3
     0 | D:1      | magus.rc [v1.9.6]
   192 | D:1      | Reached XP level 2. HP: 12/19 MP: 5/5
   195 | D:1      | Learned a level 2 spell: Passwall
   408 | D:1      | Reached skill level 3 in Stealth
   408 | D:1      | Reached skill level 4 in Earth Magic
  1049 | D:1      | Reached XP level 3. HP: 18/24 MP: 4/6
  1355 | D:1      | Found Tuppi's Distillery.
  1450 | D:1      | Learned a level 3 spell: Stone Arrow
  1985 | D:3      | Reached skill level 4 in Stealth
  1996 | D:3      | Reached XP level 4. HP: 29/30 MP: 5/7
  2070 | D:3      | Reached skill level 5 in Earth Magic
  2513 | D:2      | Reached XP level 5. HP: 26/35 MP: 5/8
  3300 | D:3      | Found a faded altar of an unknown god.
  3325 | D:4      | Reached skill level 5 in Stealth
  3606 | D:3      | Got Plato's Compendium of Transformation
  3611 | D:4      | Noticed a black bear
  3630 | D:4      | HP: 6/35 [black bear (7)]
  3631 | D:4      | Killed a black bear
  3632 | D:4      | Reached skill level 6 in Earth Magic
  3632 | D:4      | Reached XP level 6. HP: 7/41 MP: 5/9
  4041 | D:3      | Reached skill level 6 in Stealth
  4433 | D:3      | You pick up a book of Cantrips and begin reading...
  4433 | D:3      | You add the spells Corona, Animate Skeleton, Summon Small
                  | Mammal and Apportation to your library.
  5678 | D:4      | Found a shimmering altar of Xom.
  5726 | D:4      | Noticed Pikel
  5806 | D:4      | HP: 10/41 [poisoned by a scorpion]
  5811 | D:4      | HP: 7/41 [scorpion (6)]
  5819 | D:4      | Reached skill level 1 in Short Blades
  5819 | D:4      | Reached skill level 7 in Earth Magic
  5819 | D:4      | Reached XP level 7. HP: 27/46 MP: 0/10
  6141 | D:5      | Entered Level 5 of the Dungeon
  6152 | D:4      | Reached skill level 2 in Short Blades
  6253 | D:5      | Noticed Ijyb
  6262 | D:5      | Killed Ijyb
  6296 | D:5      | Reached skill level 3 in Short Blades
  6370 | D:6      | Reached skill level 8 in Earth Magic
  6431 | D:6      | Learned a level 4 spell: Petrify
  6560 | D:5      | You pick up a book of Misfortune and begin reading...
  6560 | D:5      | You add the spells Slow, Confusing Touch and Yara's Violent
                  | Unravelling to your library.
  6697 | D:5      | Reached skill level 2 in Transmutations
  6697 | D:5      | Reached XP level 8. HP: 52/52 MP: 9/11
  6714 | D:5      | Identified a +2 robe of the Archmagi
  6714 | D:5      | Noticed Sigmund
  7012 | D:5      | Killed Sigmund
  7013 | D:5      | Reached skill level 3 in Transmutations
  7013 | D:5      | Reached skill level 9 in Earth Magic
  8203 | D:4      | Reached skill level 4 in Transmutations
  9109 | D:6      | Found a staircase to the Ecumenical Temple.
  9115 | Temple   | Entered the Ecumenical Temple
  9122 | Temple   | Became a worshipper of the Wu Jian Council
  9157 | D:6      | Found a blossoming altar of Fedhas.
  9227 | D:6      | Reached skill level 10 in Earth Magic
  9300 | D:7      | Reached XP level 9. HP: 51/57 MP: 9/12
  9739 | D:7      | Reached skill level 11 in Earth Magic
  9787 | D:7      | Found a transporter.
  9791 | D:7      | Found a transporter.
  9793 | D:7      | Noticed ezpacito's ghost (novice DsAK)
  9805 | D:7      | Noticed a hornet
 10073 | D:7      | Identified the +1 ring mail "Ryut Xea" {rPois rC++}
 10609 | D:7      | Found the +9 staff of Olgreb {rPois∞}
 10677 | D:7      | Reached skill level 12 in Earth Magic
 11110 | D:8      | Noticed a two-headed ogre
 11125 | D:7      | HP: 8/58 [two-headed ogre (24)]
 11134 | D:7      | Killed a two-headed ogre
 11135 | D:7      | Reached skill level 2 in Fighting
 11135 | D:7      | Reached skill level 3 in Spellcasting
 11415 | D:7      | Reached skill level 4 in Short Blades
 11415 | D:7      | Reached skill level 7 in Stealth
 11415 | D:7      | Reached XP level 10. HP: 49/69 MP: 8/15
 11684 | D:8      | Reached skill level 3 in Fighting
 12079 | D:8      | Reached skill level 4 in Spellcasting
 12089 | D:8      | Reached * piety under Wu Jian
 12106 | D:8      | Noticed Erica
 12172 | D:8      | Killed Erica
 12173 | D:8      | Reached skill level 4 in Fighting
 12173 | D:8      | Reached skill level 5 in Short Blades
 12173 | D:8      | Reached skill level 8 in Stealth
 12950 | D:9      | Noticed a kobold demonologist
 13442 | D:8      | Reached skill level 5 in Spellcasting
 13587 | D:8      | Reached skill level 5 in Fighting
 13933 | D:9      | Found the +8 whip "Snakebite" {venom, curare, rPois}
 13946 | D:9      | You pick up a book of the Moon and begin reading...
 13946 | D:9      | You add the spells Passage of Golubria, Silence and
                  | Lehudib's Crystal Spear to your library.
 13948 | D:9      | Identified the ring of the Commoners {rPois rF- rC- rCorr
                  | SInv}
 13957 | D:9      | M - +0 shadow dragon scales {rare}
 13958 | D:9      | You drop +0 shadow dragon scales {rare}.
 14109 | D:9      | Found a runed translucent gate.
 14109 | D:9      | Found a runed translucent gate.
 14109 | D:9      | Found a runed translucent gate.
 14115 | D:9      | Noticed a ten-headed hydra
 14116 | D:9      | Noticed DemonSlayer's ghost (novice HuBe)
 14120 | D:9      | You pick up a book of Touch and begin reading...
 14120 | D:9      | You add the spells Static Discharge, Sticky Flame and
                  | Dispel Undead to your library.
 14126 | D:9      | You pick up a book of Storms and begin reading...
 14126 | D:9      | You add the spells Airstrike, Summon Lightning Spire and
                  | Lightning Bolt to your library.
 14157 | D:9      | Reached skill level 9 in Stealth
 14257 | D:9      | Noticed a flayed ghost
 14294 | D:10     | Entered Level 10 of the Dungeon
 14314 | D:9      | Reached skill level 6 in Short Blades
 14541 | D:9      | Killed a flayed ghost
 14542 | D:9      | Reached skill level 6 in Fighting
 14542 | D:9      | Reached XP level 11. HP: 66/81 MP: 11/18
 14783 | D:9      | Reached skill level 10 in Stealth
 14785 | D:9      | Found a broken altar of Ashenzari.
 14785 | D:9      | Found a bloodstained altar of Trog.
 14785 | D:9      | Found a sparkling altar of Nemelex Xobeh.
 14803 | D:9      | Noticed a deep troll earth mage
 14808 | D:9      | HP: 9/81 [deep troll earth mage/blast of rock fragments
                  | (20)]
 14808 | D:9      | Killed from afar by a steam dragon

Vanquished Creatures
  Erica (D:8)
  A two-headed ogre (D:7)
  A flayed ghost (D:9)
  Sigmund (D:5)
  A wyvern (D:9)
  3 steam dragons (D:8)
  3 yaks (D:8)
  3 water moccasins
  A black bear (D:4)
  A hornet zombie (D:7)
  3 orc warriors
  A sky beast (D:5)
  2 necrophages
  2 ice beasts
  2 ogres (D:5)
  A lemure (D:4)
  A gnoll sergeant (D:8)
  2 bullfrogs
  3 scorpions
  A killer bee (D:8)
  3 wights
  2 howler monkeys (D:7)
  3 centaur zombies
  3 orc priests
  2 centaur skeletons (D:4)
  A gnoll shaman (D:9)
  A jelly (D:5)
  Ijyb (D:5)
  3 iguanas
  9 orc wizards
  A killer bee zombie (D:7)
  3 howler monkey zombies
  13 gnolls
  6 adders
  An ufetubus (D:4)
  3 worms (D:2)
  A dart slug (D:4)
  25 orcs
  7 ball pythons
  7 bats
  6 endoplasms
  2 giant cockroaches
  10 goblins
  5 hobgoblins
  2 jackals (D:1)
  3 kobolds
  A quokka (D:2)
  4 frilled lizards
  29 rats
191 creatures vanquished.

Vanquished Creatures (others)
  A fungus (D:3)
  5 plants (D:9)
6 creatures vanquished.

Grand Total: 197 creatures vanquished

Table legend:
 A = Non-vault XP
 B = Vault XP
 C = Vault XP percentage of total XP
 D = Non-vault monster count
 E = Vault monster count
 F = Vault count percentage of total count
                 A         B        C        D         E       F
            +---------+---------+-------+---------+---------+-------
      Total |    5338 |    3056 |  36.4 |     150 |      40 |  21.1
            +---------+---------+-------+---------+---------+-------
        D:1 |      60 |       0 |   0.0 |      28 |       0 |   0.0
        D:2 |      45 |      11 |  19.6 |      14 |      10 |  41.7
        D:3 |      75 |      43 |  36.4 |      17 |      15 |  46.9
        D:4 |     536 |       0 |   0.0 |      17 |       0 |   0.0
        D:5 |     602 |     304 |  33.6 |       7 |       4 |  36.4
        D:6 |     261 |       0 |   0.0 |      11 |       0 |   0.0
        D:7 |    2034 |       0 |   0.0 |      19 |       0 |   0.0
        D:8 |    1288 |    1696 |  56.8 |      24 |       6 |  20.0
        D:9 |     437 |    1002 |  69.6 |      13 |       5 |  27.8
            +---------+---------+-------+---------+---------+-------

Illustrated notes

Table legend:
 A = Kills in this place as a percentage of kills in entire the game.
 B = Kills by you in this place as a percentage of kills by you in the entire game.
 C = Kills by friends in this place as a percentage of kills by friends in the entire game.
 D = Other kills in this place as a percentage of other kills in the entire game.
 E = Experience gained in this place as a percentage of experience gained in the entire game.
 F = Experience gained in this place divided by the number of levels of this place that you have seen.
                   A       B       C       D       E      F
               +-------+-------+-------+-------+-------+----------------------
         Total | 100.0 | 100.0 |   N/A |   N/A | 100.0 | 763.1
       Dungeon | 100.0 | 100.0 |   N/A |   N/A | 100.0 | 839.4
               +-------+-------+-------+-------+-------+----------------------

Table legend: (Time is in decaauts)
 A = Elapsed time spent in this place.
 B = Non-inter-level travel time spent in this place.
 C = Inter-level travel time spent in this place.
 D = Time resting spent in this place.
 E = Time spent auto-exploring this place.
 F = Levels seen in this place.
 G = Mean time per level.
                   A        B        C        D        E       F      G
               +--------+--------+--------+--------+--------+-----+--------+
         Total |  14779 |  14227 |    552 |   4747 |   6808 |  11 | 1343.5 |
       Dungeon |  14766 |  14219 |    547 |   4747 |   6808 |  10 | 1476.6 |
        Temple |     12 |      7 |      5 |      0 |      0 |   1 |   12.0 |
               +--------+--------+--------+--------+--------+-----+--------+

Top non-repeatable levels by time:
     D:7: 2184 daAuts
     D:8: 2158 daAuts
     D:2: 1850 daAuts
     D:4: 1849 daAuts
     D:1: 1779 daAuts
     D:3: 1378 daAuts
     D:6: 1295 daAuts
     D:5: 1147 daAuts
     D:9: 1121 daAuts
  Temple: 12 daAuts
    D:10: 1 daAuts
